 Dungeon Crawl Stone Soup version 0.28-b1-1-g3c77fb2ed1 (webtiles) character file.

Game seed: 13266612680034224860

3238 Minsecho the Cudgeller (level 9, -2/78 (92) HPs)
             Began as an Ogre Arcane Marksman on Jan 30, 2022.
             Slain by Menkaure (21 damage)
             ... on level 7 of the Dungeon.
             The game lasted 00:22:16 (12711 turns).

Minsecho the Cudgeller (Ogre Arcane Marksman)      Turns: 12711, Time: 00:22:17

HP:   -2/78 (92)    AC:  3    Str: 18    XL:     9   Next: 99%
MP:   14/14         EV: 11    Int: 14    God:
Gold: 367           SH:  0    Dex: 11    Spells: 10/15 levels left

rFire   . . .      SeeInvis .   n - +3 flail (vamp)
rCold   . . .      Faith    .   (no shield)
rNeg    . . .      Spirit   .   a - +0 robe
rPois   .          Reflect  .   (helmet restricted)
rElec   .          Harm     .   (no cloak)
rCorr   .          Rampage  .   (gloves unavailable)
Will    .....                   (boots unavailable)
Stlth   ++........              (no amulet)
HPRegen 0.23/turn               (no ring)
MPRegen 0.14/turn               (no ring)

@: hasted, heavily drained, very quick
A: large, unfitting armour, tough skin 1
a: no special abilities


You were on level 7 of the Dungeon.
You visited 1 branch of the dungeon, and saw 7 of its levels.
You also visited: Sewer.

You collected 367 gold pieces.

Inventory:

Hand Weapons
 n - a +3 vampiric flail (weapon)
 D - a +0 giant spiked club
 E - a +1 mace of protection
Missiles
 d - 147 stones (quivered)
 r - 26 poisoned darts
Armour
 a - a +0 robe (worn)
Jewellery
 k - a ring of resist corrosion
 z - a +6 ring of dexterity
Wands
 t - a wand of polymorph (10)
 F - a wand of digging (5)
 H - a wand of paralysis (5)
Scrolls
 e - a scroll of silence {unknown}
 f - 2 scrolls of magic mapping
 h - 2 scrolls of noise
 j - a scroll of teleportation {unknown}
 l - a scroll of vulnerability {unknown}
 p - a scroll of brand weapon
 v - a scroll of holy word {unknown}
 x - a scroll of fear {unknown}
 y - a scroll of amnesia {unknown}
 A - 2 scrolls of enchant armour {unknown}
 I - a scroll of immolation {unknown}
Potions
 g - a potion of resistance
 i - a potion of attraction
 m - 3 potions of brilliance
 q - 2 potions of haste
 s - a potion of might
 u - a potion of flight
 w - a potion of degeneration
 B - a potion of lignification
 C - a potion of magic
 G - a potion of cancellation
 J - a potion of curing


   Skills:
 + Level 6.6 Fighting
 + Level 7.3 Maces & Flails
 + Level 5.7 Throwing
 + Level 4.8 Dodging
 - Level 2.5 Stealth
 + Level 0.8 Unarmed Combat
 + Level 3.8 Spellcasting
 + Level 4.5 Hexes


You had 10 spell levels left.
You knew the following spells:

 Your Spells              Type           Power      Damage    Failure   Level
a - Slow                  Hex            60%        N/A       3%          1
b - Cause Fear            Hex            7%         N/A       30%         4

Your spell library contained the following spells:

 Spells                   Type           Power      Damage    Failure   Level
 Inner Flame              Hex/Fire       9%         N/A       22%         3
 Portal Projectile        Hex/Tloc       18%        N/A       22%         3
 Gell's Gravitas          Tloc           2%         N/A       52%         3
 Lesser Beckoning         Tloc           2%         N/A       52%         3
 Teleport Other           Tloc           2%         N/A       52%         3
 Iskenderun's Battlesphe  Conj           2%         2d6       99%         5
 Iron Shot                Conj/Erth      1%         9d1       100%        6
 Spellforged Servitor     Conj/Summ      1%         N/A       100%        7


Dungeon Overview and Level Annotations

Branches:
Dungeon (7/15)             Temple (0/1) D:4           Sewer (visited)

Altars:
Ashenzari
Elyvilon
Makhleb
Nemelex Xobeh
Qazlal
Sif Muna
Trog
Uskayaw
Zin

Shops:
D:1 :

Annotations:
D:4 Executioner
D:7 Menkaure


Innate Abilities, Weirdness & Mutations

You are too large for most types of armour.
You have tough skin. (AC +1)


Message History

You open the door.
Menkaure, Prince of Dust comes into view.
Menkaure shouts!
Menkaure casts a spell.
Menkaure seems to speed up.
You throw a stone. The stone hits Menkaure.
Menkaure is lightly damaged.
Throw: 2 large rocks
Press: ? - help, Q - select action, (/) - cycle Shift-Dir - straight line, f/p - Menkaure
Aim: Menkaure (lightly damaged, fast, 76% to hit)
You throw a large rock.
The large rock completely misses Menkaure.
Menkaure points at you and mumbles some strange words.
Pain shoots through your body!
Throw: large rock
Press: ? - help, Q - select action, (/) - cycle Shift-Dir - straight line, f/p - Menkaure
Aim: Menkaure (lightly damaged, fast, 76% to hit)
You throw a large rock. The large rock barely misses Menkaure.
Menkaure calls on the powers of darkness!
Your body is wracked with pain!
You close the door.
Menkaure breaks down the door.
As you read the scroll labelled KAOCOKHOLUM, it crumbles to dust.
You hear a loud clanging noise!
It was a scroll of noise.
Menkaure gestures at you while chanting.
Pain shoots through your body!
As you read the scroll labelled CACAGUNU EFFE, it crumbles to dust.
It is a scroll of brand weapon.
Your +3 flail thirsts for the lives of mortals!
n - a +3 vampiric flail (weapon)
Menkaure closely misses you.
You sock Menkaure!
Menkaure is moderately damaged.
Menkaure hits you!!
* * * LOW HITPOINT WARNING * * *
Okay, then.
You feel much better. Menkaure hits you!!
* * * LOW HITPOINT WARNING * * *
You feel yourself speed up. Menkaure hits you!!
You die...

.....######....
.....#...........#
.....#...........#
.....'...........#
.....##'###.##...#
.....#...#####...#
.....#[......#...#
.....#.......#...#######
.....#.......'..@.......
.....###########M##.....
...... ..# ... ...# .
....# #..((# ######


You could see Menkaure (fast).

Vanquished Creatures
  Prince Ribbit (D:5)
  Grinder (D:3)
  Sigmund (D:3)
  Eustachio (D:5)
  A water moccasin (D:5)
  An orc warrior (D:6)
  2 necrophages
  3 ogres (D:5)
  A centaur (D:5)
  A phantom (D:5)
  3 kobold brigands (Sewer)
  A bullfrog (D:6)
  4 scorpions
  A water moccasin zombie (D:6)
  2 water moccasin skeletons
  10 wights
  3 jellies
  6 hounds
  A bullfrog zombie (D:5)
  A centaur skeleton (D:7)
  2 iguanas
  An orc wizard (D:3)
  2 gnolls
  A howler monkey skeleton (D:6)
  A river rat (Sewer)
  12 adders
  A white imp (D:6)
  2 ufetubi (D:6)
  10 worms
  A dart slug (D:3)
  13 orcs
  6 bats
  13 endoplasms
  7 giant cockroaches
  4 goblins
  7 hobgoblins
  3 quokkas
  9 ball pythons
  5 frilled lizards
  16 kobolds
  10 rats
171 creatures vanquished.

Vanquished Creatures (others)
  An orc wizard (D:3)
  8 plants (D:3)
9 creatures vanquished.

Grand Total: 180 creatures vanquished

Notes
Turn   | Place    | Note
-------+----------+-------------------------------------------
     0 | D:1      | Minsecho the Ogre Arcane Marksman began the quest for the
                  | Orb.
     0 | D:1      | Reached XP level 1. HP: 19/19 MP: 2/2
   260 | D:1      | Reached XP level 2. HP: 27/27 MP: 3/3
   510 | D:1      | Reached XP level 3. HP: 33/33 MP: 4/4
   627 | D:1      | Found Aguczuz's Book Boutique.
   792 | D:1      | Found a faded altar of an unknown god.
  1425 | D:2      | Reached skill level 1 in Maces & Flails
  1583 | D:2      | Found a broken altar of Ashenzari.
  1642 | D:2      | Reached XP level 4. HP: 34/42 MP: 5/5
  2329 | D:3      | Found a sparkling altar of Nemelex Xobeh.
  2345 | D:3      | Found a shimmering blue altar of Sif Muna.
  3182 | D:3      | Reached skill level 2 in Maces & Flails
  3315 | D:3      | Reached XP level 5. HP: 28/49 MP: 6/6
  3470 | D:3      | Noticed Sigmund
  3881 | D:3      | Killed Sigmund
  3882 | D:3      | Reached skill level 1 in Stealth
  3882 | D:3      | Reached XP level 6. HP: 40/58 MP: 5/8
  4019 | D:3      | Found a glowing silver altar of Zin.
  4070 | D:3      | Noticed Grinder
  4098 | D:3      | Killed Grinder
  4099 | D:3      | Reached XP level 7. HP: 62/66 MP: 8/10
  4867 | D:4      | Found a stormy altar of Qazlal.
  4867 | D:4      | Noticed an air elemental
  4873 | D:4      | Noticed a fire elemental
  4873 | D:4      | Noticed a water elemental
  4992 | D:4      | Found a staircase to the Ecumenical Temple.
  5121 | D:4      | Found a glowing drain.
  5126 | Sewer    | Entered a sewer
  5225 | Sewer    | Reached skill level 3 in Maces & Flails
  6348 | Sewer    | Reached XP level 8. HP: 29/75 MP: 9/11
  7153 | D:4      | Found a burning altar of Makhleb.
  7153 | D:4      | Noticed an Executioner
  7186 | D:5      | Entered Level 5 of the Dungeon
  7186 | D:5      | Noticed Prince Ribbit
  7193 | D:4      | Reached skill level 4 in Maces & Flails
  7606 | D:5      | Reached skill level 5 in Throwing
  8174 | D:5      | Reached skill level 5 in Maces & Flails
  8619 | D:5      | Killed Prince Ribbit
  8620 | D:5      | Reached XP level 9. HP: 63/87 MP: 11/13
  8738 | D:5      | Reached skill level 5 in Fighting
  8759 | D:5      | Noticed Eustachio
  8773 | D:5      | Killed Eustachio
  8774 | D:5      | Reached skill level 6 in Maces & Flails
  9322 | D:5      | Learned a level 4 spell: Cause Fear
 10361 | D:6      | Found a white marble altar of Elyvilon.
 10662 | D:6      | Found a hide-covered altar of Uskayaw.
 11356 | D:6      | Reached skill level 7 in Maces & Flails
 11495 | D:6      | Found a bloodstained altar of Trog.
 12702 | D:7      | Noticed Menkaure
 12711 | D:7      | Slain by Menkaure

Illustrated notes

Levels and vault maps discovered:
D:1:      minmay_arrival_shattered_statue, layout_basic, serial_curves,
          eino_curves_01, eino_curves_04, serial_shops, shop,
          chequers_ecumenical_altar_grove, minmay_misc_feat_five
D:2:      layout_loops_ring, basic_altar, kennysheep_generic_room_7
D:3:      layout_loops_cross, mainiacjoe_overflow_tiny_flanked,
          overflow_temple_1_default, led_sif_book, lexackson_kobold_supper,
          uniq_sigmund, uniq_grinder
D:4:      layout_loops_ring, nicolae_qazlal_style_of_elements,
          makhleb_altar_promises_db, minmay_temple_entry_overgrown,
          gup_sewer_entry_spiral
D:5:      nicolae_cairo_tiling_large, layout_loops_corners, minivault_23,
          uniq_prince_ribbit1, uniq_eustachio, uniq_edmund
D:6:      layout_cave_pools, trog_butcher_becter, elyvilon_altar_1,
          nicolae_uskayaw_murder_on_the_dancefloor
D:7:      layout_gridville, serial_shops, shop, roderic_serpentine_path,
          uniq_menkaure

Skill      XL: |  1  2  3  4  5  6  7  8  9 |
---------------+----------------------------+-----
Dodging        | 2 3 4 |  4.8
Hexes          | 3 4 |  4.5
Maces & Flails | 1 2 3 5 7 |  7.3
Fighting       | 2 3 4 6 |  6.6
Throwing       | 3 4 5 |  5.7
Stealth        | 1 2 |  2.5
Spellcasting   | 2 3 |  3.8
Unarmed Combat | |  0.8

Action                   |  1- 3 |  4- 6 |  7- 9 || total
-------------------------+-------+-------+-------++-------
Melee: Mace              |    33 |       |       ||    33
       Punch             |     1 |     2 |     7 ||    10
       Flail             |    38 |    68 |   388 ||   494
       Unarmed           |       |    15 |       ||    15
Throw: Large rock        |    24 |     4 |    13 ||    41
       Throwing net      |     4 |     1 |     1 ||     6
       Stone             |       |   105 |    90 ||   195
       Dart              |       |       |     4 ||     4
 Cast: Slow              |     2 |     6 |    33 ||    41
Evoke: Wand              |       |       |     1 ||     1
  Use: Potion            |       |     2 |     4 ||     6
       Scroll            |       |       |    13 ||    13
 Stab: Held in net/web   |     2 |     1 |     1 ||     4
       Sleeping          |       |       |     9 ||     9
       Paralysed         |       |       |     3 ||     3
Armor: Robe              |    46 |    22 |    55 ||   123
Dodge: Dodged            |    53 |    49 |   213 ||   315
